 Dungeon Crawl Stone Soup version 0.31-a0-187-gba352fbbf7 (webtiles) character file.

Game seed: 15040113672718617395

140 qw the Skirmisher (level 5, 0/29 HPs)
             Began as a Deep Elf Hunter on June 22, 2023.
             Constricted to death by a ball python (1 damage)
             ... on level 4 of the Dungeon.
             The game lasted 00:00:47 (2594 turns).

qw the Skirmisher (Deep Elf Hunter)                 Turns: 2594, Time: 00:00:48

Health: 0/29       AC: 10    Str: 10    XL:     5   Next: 2%
Magic:  7/7        EV: 10    Int: 14    God:
Gold:   157        SH:  0    Dex: 18    Spells: 4/4 levels left

rFire   x . .        Y - +0 shortbow
rCold   + + .        (shield currently unavailable)
rNeg    . . .        j - +0 ice dragon scales
rPois   .            (no helmet)
rElec   .            g - +0 cloak
rCorr   .            (no gloves)
SInv    .            (no boots)
Will    .....        d - amulet of regeneration Stlth
                     i - +5 ring of evasion
HPRegen 1.04/turn    (no ring)
MPRegen 0.10/turn

%: no passive effects
@: constricted
A: no striking features
a: no special abilities


You were on level 4 of the Dungeon.
You visited 1 branch of the dungeon, and saw 4 of its levels.

You collected 157 gold pieces.


   Skills:
 - Level 1.5 Fighting
 + Level 8.1 Ranged Weapons
 - Level 1.0 Armour
 - Level 2.4 Dodging
 - Level 1.2 Stealth


You had 4 spell levels left.
You didn't know any spells.
Your spell library was empty.

Inventory:

Hand Weapons
 Y - a +0 shortbow (weapon)
Armour
 f - a +0 ring mail
 g - a +0 cloak (worn)
 j - +0 ice dragon scales (worn)
Jewellery
 d - an amulet of regeneration (around neck)
 i - a +5 ring of evasion (left hand)
Scrolls
 a - 2 scrolls of teleportation
 b - a scroll of identify
Potions
 c - a potion of might
 e - a potion of brilliance {unknown}
 h - 3 potions of curing
 k - 2 potions of lignification {unknown}
 l - a potion of berserk rage {unknown}

Dungeon Overview and Level Annotations

Branches:
Dungeon (4/15)
 Temple: D:4-7

Altars:
Cheibriados


Message History

Things that are here:
a +0 club; a goblin corpse
Found a robe.
There is an open door here.
An ogre comes into view. It is wielding a +0 giant club.
Found 12 gold pieces.
The ogre shouts!
Enter note: You shoot an arrow.
The arrow barely misses the ogre.
You shoot an arrow. The arrow barely misses the ogre.
You shoot an arrow.
The arrow hits the ogre but does no damage.
An endoplasm comes into view.
The endoplasm moves out of view.
You shoot an arrow. The arrow hits the ogre!
The ogre is moderately wounded.
You shoot an arrow. The arrow hits the ogre.
The ogre is moderately wounded.
The ogre barely misses you.
You shoot an arrow. The arrow hits the ogre.
The ogre is moderately wounded.
The ogre hits you with a +0 giant club!!
Ouch! That really hurt!
2592 ||| READING 3 scrolls of teleportation.
As you read the scroll of teleportation, it crumbles to dust.
You feel strangely unstable.
An endoplasm comes into view.
The ogre misses you.
You shoot an arrow. The endoplasm quivers.
The arrow hits the ogre!
The ogre is severely wounded.
The ogre misses you.
You shoot an arrow. The arrow barely misses the ogre.
Your surroundings suddenly seem different.
A ball python comes into view.
The ball python bites you. The ball python barely misses you.
The ball python bites you but does no damage.
The ball python grabs you. The ball python constricts you.
You die...

#.#...#........##
#....
###############
#.... ..... #....
##### #.... #....
#.... #...S####.#
#....@....#
########..... ###


You could see a ball python.

Vanquished Creatures
  A sleepcap (D:4)
  4 adders
  A gnoll (D:1)
  An ufetubus (D:4)
  A worm (D:2)
  A dart slug (D:3)
  An orc (D:4)
  6 endoplasms
  6 giant cockroaches
  7 goblins
  3 hobgoblins
  2 kobolds
  4 quokkas
  4 ball pythons
  5 bats
  4 frilled lizards
  6 rats
57 creatures vanquished.

Notes
Turn   | Place    | Note
-------+----------+-------------------------------------------
     0 | D:1      | qw the Deep Elf Hunter began the quest for the Orb.
     0 | D:1      | Reached XP level 1. HP: 12/12 MP: 3/3
     0 | D:1      | 0 ||| qw: Version: 0.3-a-9-g12657ce
     0 | D:1      | 0 ||| qw: Game counter: 2579
     0 | D:1      | 0 ||| qw: Always use a shield: true
     0 | D:1      | 0 ||| qw: God list: Okawaru
     0 | D:1      | 0 ||| qw: Allow faded altars: false
     0 | D:1      | 0 ||| qw: Do Orc after D:15 true
     0 | D:1      | 0 ||| qw: Do second Lair branch before Depths: true
     0 | D:1      | 0 ||| qw: Lair rune preference: random
     0 | D:1      | 0 ||| qw: Plans: Normal
     0 | D:1      | 0 ||| PLANNING D:1-11
   206 | D:1      | Reached skill level 6 in Ranged Weapons
   206 | D:1      | Reached XP level 2. HP: 16/16 MP: 4/4
   395 | D:1      | Noticed an eye of devastation
   396 | D:1      | Noticed a shining eye
   398 | D:1      | Found a faded altar of an unknown god.
   409 | D:1      | Noticed a great orb of eyes
   415 | D:1      | Noticed a great orb of eyes
   558 | D:1      | Reached XP level 3. HP: 20/20 MP: 5/5
   782 | D:1      | 782 ||| UPGRADING to +0 cloak.
   787 | D:1      | 787 ||| DROPPING ring of flight.
   788 | D:1      | 788 ||| READING scroll labelled KELIWA ODAY.
   789 | D:1      | 789 ||| READING scroll labelled EDI NINNEKYH.
   790 | D:1      | 790 ||| READING scroll labelled UCILETRA YREAK.
   794 | D:1      | 794 ||| DRINKING 2 red potions.
   795 | D:1      | 795 ||| DROPPING scroll of butterflies.
   811 | D:2      | 811 ||| STAIRDANCE
   832 | D:2      | Reached skill level 7 in Ranged Weapons
  1243 | D:2      | Reached XP level 4. HP: 25/25 MP: 6/6
  1467 | D:2      | 1467 ||| UPGRADING to +0 ring mail.
  1477 | D:2      | 1477 ||| DROPPING +0 leather armour.
  1478 | D:2      | 1478 ||| UPGRADING to amulet of regeneration.
  1483 | D:2      | 1483 ||| READING scroll labelled CYFAWK WAIC.
  1484 | D:2      | 1484 ||| READING scroll labelled XOHUDI JIUPHYQOC.
  1548 | D:3      | Found a snail-covered altar of Cheibriados.
  2450 | D:3      | 2450 ||| UPGRADING to +0 ice dragon scales.
  2460 | D:3      | 2460 ||| UPGRADING to +5 ring of evasion.
  2461 | D:3      | 2461 ||| READING scroll labelled ANUUSU DEFU.
  2462 | D:3      | 2462 ||| DRINKING 2 murky emerald potions.
  2568 | D:4      | Reached skill level 1 in Armour
  2577 | D:4      | Reached skill level 8 in Ranged Weapons
  2577 | D:4      | Reached XP level 5. HP: 29/29 MP: 7/7
  2585 | D:4      | Noticed an ogre
  2591 | D:4      | HP: 1/29 [ogre/+0 giant club (28)]
  2592 | D:4      | 2592 ||| READING 3 scrolls of teleportation.
  2594 | D:4      | Constricted to death by a ball python

Levels and vault maps discovered:
D:1:      dpeg_arrival_short_road, layout_basic,
          hellmonk_ecumenical_altar_watching_god
D:2:      layout_loops_ring
D:3:      layout_basic, overflow_temple_1_default
D:4:      layout_basic

Skill      XL: |  1  2  3  4 |
---------------+-------------+-----
Ranged Weapons | 6 7 8 |  8.1
Armour         | 1 |  1.0
Fighting       | |  1.5
Dodging        | |  2.4
Stealth        | |  1.2

Action                     |  1- 3 |  4- 6 || total
---------------------------+-------+-------++-------
   Fire: Shortbow          |    80 |    76 ||   156
    Use: Scroll            |     3 |     4 ||     7
         Potion            |     1 |     1 ||     2
 Armour: Leather armour    |     5 |       ||     5
         Ice dragon scales |       |    14 ||    14
         Ring mail         |       |     3 ||     3
  Dodge: Dodged            |    16 |    35 ||    51

Table legend:
 A = Non-vault XP
 B = Vault XP
 C = Vault XP percentage of total XP
 D = Non-vault monster count
 E = Vault monster count
 F = Vault count percentage of total count
                 A         B        C        D         E       F
            +---------+---------+-------+---------+---------+-------
      Total |     201 |       0 |   0.0 |      57 |       0 |   0.0
            +---------+---------+-------+---------+---------+-------
        D:1 |      58 |       0 |   0.0 |      20 |       0 |   0.0
        D:2 |      46 |       0 |   0.0 |      18 |       0 |   0.0
        D:3 |      29 |       0 |   0.0 |      11 |       0 |   0.0
        D:4 |      68 |       0 |   0.0 |       8 |       0 |   0.0
            +---------+---------+-------+---------+---------+-------
